 Dungeon Crawl Stone Soup version 0.23.2-33-g5129a83184 (webtiles) character file.

Game seed: 1281748765112366232

7019 Tentacle the Basher (level 11, -2/68 HPs)
             Began as a Gargoyle Fighter on June 28, 2019.
             Slain by a troll (5 damage)
             ... led by an orc high priest
             ... on level 1 of the Orcish Mines.
             The game lasted 01:21:25 (7910 turns).

Tentacle the Basher (Gargoyle Fighter)              Turns: 7910, Time: 01:21:25

Health: -2/68      AC: 27    Str: 24    XL:     11   Next: 8%
Magic:  11/11      EV:  6    Int: 12    God:
Gold:   424        SH: 11    Dex:  6    Spells: 10/10 levels left

rFire    . . .     SeeInvis .   H - +3 flail
rCold    . . .     Gourm    .   c - +0 shield
rNeg     + . .     Faith    .   m - +0 plate armour (curse)
rPois    ∞         Spirit   .   q - +0 helmet
rElec    +         Reflect  .   w - +0 cloak
rCorr    .         Harm     .   s - +1 pair of gloves {archery}
MR       .....                  T - +0 pair of boots (curse)
Stlth    ..........             (no amulet)
HPRegen  0.21/turn              y - -3 ring of dexterity (curse)
MPRegen  0.12/turn              G - +4 ring of intelligence

@: marked, flying
A: negative energy resistance 1, electricity resistance, unbreathing,
petrification resistance, rot immunity, AC +8
a: no special abilities


You were on level 1 of the Orcish Mines.
You were not hungry.

You visited 2 branches of the dungeon, and saw 10 of its levels.

You collected 679 gold pieces.
You spent 255 gold pieces at shops.

Inventory:

Hand Weapons
 a - a +0 flail
 g - a +0 blowgun
 v - a +2 quarterstaff of chaos
 x - a +0 mace
 H - a +3 flail (weapon)
 K - a +3 long sword
 P - a +0 hand crossbow
 R - a +4 long sword
 U - a +1 flail of protection
Missiles
 h - 58 poisoned needles
 i - 351 stones (quivered)
 t - 171 arrows
Armour
 b - a +0 scale mail
 c - a +0 shield (worn)
 d - a +0 scale mail
 k - a +0 animal skin
 l - a +0 naga barding
 m - a cursed +0 plate armour (worn)
 n - a +0 robe
 q - a +0 helmet (worn)
 r - a +0 plate armour
 s - a +1 pair of gloves of archery (worn)
 w - a +0 cloak (worn)
 A - a +0 scale mail
 D - a +0 centaur barding
 M - a +2 robe of positive energy
 N - a +4 chain mail of cold resistance
 T - a cursed +0 pair of boots (worn)
Jewellery
 y - a cursed -3 ring of dexterity (left hand)
 E - a +1 ring of evasion
 G - a +4 ring of intelligence (right hand)
Wands
 I - a wand of flame (29)
 L - a wand of random effects (12)
Scrolls
 e - 9 scrolls of teleportation {unknown}
 j - 2 scrolls of amnesia {unknown}
 o - 2 scrolls of fear {unknown}
 p - 6 scrolls of identify {unknown}
 u - 3 scrolls of remove curse {unknown}
 z - a scroll of random uselessness {unknown}
 O - a scroll of immolation {unknown}
 Q - 3 scrolls of fog {unknown}
 S - a scroll of enchant weapon {unknown}
 X - a scroll of holy word {unknown}
Potions
 C - 2 potions of berserk rage {unknown}
 F - 2 potions of mutation {unknown}
 J - a potion of lignification {unknown}
 W - a potion of might
Comestibles
 f - 3 rations


   Skills:
 + Level 7.7 Fighting
 + Level 11.0 Maces & Flails
 + Level 2.6 Throwing
 + Level 7.0 Armour
 + Level 1.6 Dodging
 * Level 3.5 Stealth
 + Level 9.3 Shields


You had 10 spell levels left.
You didn't know any spells.
Your spell library contained the following spells:

 Spells                   Type           Power        Failure   Level  Hunger
 Ignite Poison            Fire/Tmut/Pois #.......     100%        3    ####...
 Fireball                 Conj/Fire      #.........   100%        5    ######.
 Bolt of Fire             Conj/Fire      #.........   100%        6    #######
 Ring of Flames           Chrm/Fire      #.........   100%        7    #######
 Ignition                 Fire           #.........   100%        8    #######


Dungeon Overview and Level Annotations

Branches:
Dungeon (9/15)             Temple (0/1) D:5             Orc (1/2) D:9
   Lair: D:8-11

Altars:
Kikubaaqudgha
Qazlal
Trog
Uskayaw
Xom
Zin

Shops:
D:5 }==*(   D:7 [([


Innate Abilities, Weirdness & Mutations

You are resistant to torment.
Your stone body is resilient. (AC +8)
You are immune to poison.
You resist negative energy. (rN+)
You are resistant to electric shocks. (rElec)
You can survive without breathing.
You are immune to petrification.
You are immune to rotting.


Message History

You feel better.
The orc high priest hits you but does no damage.
The troll bites you.
* * * LOW HITPOINT WARNING * * *
The troll claws you but does no damage. x2
The ogre hits you but does no damage.
The orc warrior hits you but does no damage.
You barely miss the orc high priest.
The orc high priest hits you but does no damage.
The troll closely misses you. The troll claws you but does no damage.
The troll claws you.
* * * LOW HITPOINT WARNING * * *
The ogre hits you with a cursed -1 giant club.
* * * LOW HITPOINT WARNING * * *
The orc warrior hits you with a +0 glaive.
* * * LOW HITPOINT WARNING * * *
It was a potion of flight.
You feel very buoyant.
You fly up into the air.
The troll bites you.
You die...

....#......##
#......$....
#..........# ##
........... ### ##.
........$. ###.######..
#.....#.##.....#.###.
##.(oo.##..........#
..#...T@......#.#...##
........O....####....##
.......$....## ##....##
.............# ##....#
..............# #.....#
$..............###......
............#.###.......
.............###.....#..
.............. ##.###.#.


You could see an orc high priest, a troll, an orc warrior and an ogre.

Vanquished Creatures
  Harold (Orc:1)
  A gargoyle (D:9)
  A troll (D:9)
  A hornet (D:9)
  A hippogriff (D:9)
  A wraith (D:9)
  Eustachio (D:6)
  3 hungry ghosts
  A vampire mosquito (D:9)
  Menkaure (D:5)
  A phantom (D:7)
  A sky beast (D:7)
  5 orc warriors
  4 ice beasts
  7 ogres
  A necrophage (D:8)
  4 centaurs
  Blork the orc (D:6)
  3 bullfrogs
  A water moccasin skeleton (D:6)
  3 scorpions
  4 wights (D:9)
  3 howler monkeys
  A centaur zombie (D:7)
  5 crimson imps
  2 bullfrog skeletons
  6 hounds
  2 centaur skeletons
  10 orc wizards
  7 orc priests
  Crazy Yiuf (D:2)
  An iguana (D:5)
  Natasha (D:2)
  5 worker ants
  8 ogre zombies (D:9)
  A hound skeleton (D:6)
  A worker ant zombie (D:9)
  Robin (D:3)
  16 gnolls
  9 adders
  A shadow imp (D:9)
  2 adder zombies (D:5)
  An ooze (D:1)
  An adder skeleton (D:9)
  2 worms (D:3)
  3 dart slugs
  5 leopard geckos
  29 orcs
  A ball python (D:3)
  14 goblins
  19 hobgoblins
  6 jackals
  4 quokkas
  4 bats
  4 frilled lizards
  A goblin zombie (D:9)
  4 hobgoblin skeletons (D:9)
  2 hobgoblin zombies (D:9)
  8 kobolds
  A leopard gecko skeleton (D:6)
  A leopard gecko zombie (D:5)
  4 orc skeletons (D:9)
  14 orc zombies (D:9)
  A quokka zombie (D:8)
  4 rats
  A fungus (D:2)
  A plant (D:7)
265 creatures vanquished.

Vanquished Creatures (others)
  An orc wizard (D:9)
1 creature vanquished.

Grand Total: 266 creatures vanquished

Notes
Turn   | Place    | Note
-------+----------+-------------------------------------------
     0 | D:1      | Tentacle the Gargoyle Fighter began the quest for the Orb.
     0 | D:1      | Reached XP level 1. HP: 14/14 MP: 1/1
   134 | D:1      | Reached XP level 2. HP: 19/19 MP: 2/2
   379 | D:1      | Reached XP level 3. HP: 11/23 MP: 3/3
   978 | D:2      | Reached XP level 4. HP: 10/28 MP: 4/4
  1143 | D:2      | Noticed Natasha
  1149 | D:2      | Killed Natasha
  1149 | D:2      | Reached skill level 3 in Maces & Flails
  1190 | D:2      | Found a runed translucent door.
  1191 | D:2      | Noticed Crazy Yiuf
  1201 | D:2      | Killed Crazy Yiuf
  1201 | D:2      | Reached XP level 5. HP: 32/32 MP: 5/5
  1254 | D:2      | Noticed an ogre
  1259 | D:2      | Killed an ogre
  1595 | D:2      | Reached XP level 6. HP: 32/38 MP: 6/6
  1783 | D:3      | Noticed Robin
  1794 | D:3      | Killed Robin
  1794 | D:3      | Reached skill level 4 in Maces & Flails
  1823 | D:3      | HP: 1/38 [gnoll/+0 flail (3)]
  1992 | D:3      | Reached skill level 5 in Shields
  2521 | D:5      | Entered Level 5 of the Dungeon
  2521 | D:5      | Found Zadur's Antique Weapon Boutique.
  2560 | D:5      | Found a stormy altar of Qazlal.
  2677 | D:5      | Found a staircase to the Ecumenical Temple.
  2687 | D:5      | Reached XP level 7. HP: 19/43 MP: 7/7
  2766 | D:5      | Found Mozunuph's Jewellery Shoppe.
  2783 | D:5      | Bought a +1 ring of evasion for 30 gold pieces
  2800 | D:5      | Reached skill level 5 in Maces & Flails
  2828 | D:5      | Found Bumalet's General Store.
  2836 | D:5      | Bought a potion of curing for 45 gold pieces
  2895 | D:5      | Noticed Menkaure
  2909 | D:5      | Killed Menkaure
  2909 | D:5      | Reached skill level 5 in Armour
  2909 | D:5      | Reached skill level 1 in Dodging
  2917 | D:5      | Found Pitaon's Jewellery Shoppe.
  2942 | D:5      | HP: 1/44 [ice beast (14)]
  2952 | D:5      | Reached XP level 8. HP: 11/48 MP: 8/8
  3284 | D:5      | Found a shimmering altar of Xom.
  3382 | D:5      | Found Tearos's Gadget Shoppe.
  3633 | D:6      | Reached skill level 6 in Maces & Flails
  3696 | D:6      | Noticed Eustachio
  3718 | D:6      | Killed Eustachio
  3795 | D:6      | Reached skill level 5 in Fighting
  3819 | D:6      | Reached skill level 7 in Maces & Flails
  4080 | D:6      | Found an ancient bone altar of Kikubaaqudgha.
  4126 | D:6      | Noticed Blork the orc
  4141 | D:6      | Killed Blork the orc
  4141 | D:6      | Reached XP level 9. HP: 53/54 MP: 9/9
  4526 | D:7      | Found Axicit's Antique Armour Shop.
  4634 | D:7      | Reached skill level 8 in Maces & Flails
  5027 | D:7      | Found Cem Atel's Antique Armour Shoppe.
  5064 | D:7      | Bought a pair of glowing boots for 180 gold pieces
  5181 | D:7      | Found Gybiokhlahiy's Weapon Shop.
  5279 | D:8      | Reached skill level 9 in Maces & Flails
  5412 | D:8      | Reached skill level 1 in Throwing
  5677 | D:8      | Found a bloodstained altar of Trog.
  5752 | D:8      | Reached XP level 10. HP: 42/60 MP: 10/10
  6369 | D:9      | Found a staircase to the Orcish Mines.
  6451 | D:9      | Reached skill level 10 in Maces & Flails
  6572 | D:9      | Noticed a gargoyle
  6591 | D:9      | Killed a gargoyle
  6980 | D:9      | Reached skill level 1 in Stealth
  7187 | D:9      | Found a glowing silver altar of Zin.
  7187 | D:9      | Found a hide-covered altar of Uskayaw.
  7656 | Orc:1    | Entered Level 1 of the Orcish Mines
  7753 | Orc:1    | Noticed Harold
  7802 | Orc:1    | Killed Harold
  7802 | Orc:1    | Reached skill level 11 in Maces & Flails
  7802 | Orc:1    | Reached XP level 11. HP: 19/68 MP: 11/11
  7899 | Orc:1    | Noticed an orc high priest
  7909 | Orc:1    | HP: 3/68 [orc warrior/+0 glaive[an orc high priest] (3)]
  7910 | Orc:1    | Slain by a troll

Skill      XL: |  1  2  3  4  5  6  7  8  9 10 |
---------------+-------------------------------+-----
Maces & Flails | 3 4 5 7 9 11 | 11.0
Armour         | 4 5 6 7 |  7.0
Shields        | 4 5 6 7 9 |  9.3
Fighting       | 4 5 6 7 |  7.7
Dodging        | 1 |  1.6
Throwing       | 1 2 |  2.6
Stealth        | 3 |  3.5

Action                   |  1- 3 |  4- 6 |  7- 9 | 10-12 || total
-------------------------+-------+-------+-------+-------++-------
Melee: Flail             |   154 |   287 |   558 |   373 ||  1372
Throw: Stone             |       |       |    61 |    79 ||   140
  Use: Potion            |       |     4 |     3 |     4 ||    11
  Eat: Ration            |       |     2 |     9 |     2 ||    13
       Chunk             |       |       |     1 |     2 ||     3
Armor: Scale mail        |    53 |       |       |       ||    53
       Plate armour      |    46 |   480 |   349 |   205 ||  1080
Dodge: Dodged            |    56 |   179 |   101 |    74 ||   410
Block: Shield            |    98 |   288 |   287 |   208 ||   881
